 Dungeon Crawl Stone Soup version 0.27.1-1-g398f81649c (webtiles) character file.

Game seed: 17045741379249346854

5086 nxtlvl the Grappler (level 10, 0/88 HPs)
             Began as a Minotaur Transmuter on Sept 18, 2021.
             Was an Elder of Cheibriados.
             Killed from afar by an electric eel (12 damage)
             ... with a bolt of electricity
             ... on level 2 of the Lair of Beasts.
             The game lasted 00:36:17 (4067 turns).

nxtlvl the Grappler (Minotaur Transmuter)           Turns: 4067, Time: 00:36:18

Health: 0/88       AC:  9    Str: 27    XL:     10   Next: 31%
Magic:  20/20      EV: 13    Int: 19    God:    Cheibriados [****..]
Gold:   546        SH:  0    Dex: 20    Spells: 8/11 levels left

rFire    + . .     SeeInvis +     - Unarmed
rCold    . . .     Faith    +   (no shield)
rNeg     . . .     Spirit   .   a - +2 scale mail {rF+}
rPois    .         Reflect  .   (helmet restricted)
rElec    .         Harm     .   (no cloak)
rCorr    .         Rampage  .   (no gloves)
Will     .....                  c - +0 pair of boots
Stlth    ..........             z - amulet of faith
HPRegen  0.24/turn              n - ring of see invisible
MPRegen  0.17/turn              y - ring of magical power

@: very slow
A: horns 2, retaliatory headbutt
a: Renounce Religion, Bend Time, Temporal Distortion, Slouch


You were on level 2 of the Lair of Beasts.
You worshipped Cheibriados.
Cheibriados was greatly pleased with you.
You visited 3 branches of the dungeon, and saw 12 of its levels.
You also visited: Sewer, Ossuary and Bailey.

You collected 572 gold pieces.
You spent 26 gold pieces at shops.

Inventory:

Hand Weapons
 b - a +0 shortbow
Missiles
 d - 68 arrows
 H - a throwing net
Armour
 a - a +2 scale mail of fire resistance (worn)
 c - a +0 pair of boots (worn)
 A - the +3 leather armour of Repulsion {rN+}
   (You found it on level 7 of the Dungeon)

   rN:        It protects you from negative energy.
 G - a +1 leather armour of fire resistance
Jewellery
 n - a ring of see invisible (left hand)
 y - a ring of magical power (right hand)
 z - an amulet of faith (around neck)
Wands
 g - a wand of digging (3)
 p - a wand of mindburst (4)
 t - a wand of paralysis (7)
Scrolls
 e - 3 scrolls of enchant armour {unknown}
 j - 3 scrolls of vulnerability
 k - a scroll of enchant weapon
 o - 2 scrolls of blinking {unknown}
 q - a scroll of summoning {unknown}
 r - 3 scrolls of teleportation
 v - 2 scrolls of noise {unknown}
 B - a scroll of torment {unknown}
 C - 2 scrolls of fog {unknown}
 D - a scroll of fear {unknown}
 E - a scroll of magic mapping {unknown}
Potions
 f - 7 potions of curing
 h - 2 potions of ambrosia
 m - 3 potions of resistance {unknown}
 s - 2 potions of cancellation
 w - 2 potions of attraction
 x - a potion of heal wounds
 F - a potion of might
 I - 2 potions of flight
 J - a potion of mutation {unknown}
 K - a potion of lignification
Miscellaneous
 i - a phantom mirror


   Skills:
 + Level 8.0 Fighting
 + Level 5.5 Dodging
 * Level 12.6 Unarmed Combat
 - Level 1.3 Spellcasting
 - Level 4.0 Transmutations
 + Level 3.6 Invocations


You had 8 spell levels left.
You knew the following spells:

 Your Spells              Type           Power      Damage    Failure   Level
a - Beastly Appendage     Tmut           32%        N/A       9%          1
s - Wereblood             Tmut           16%        N/A       12%         2

Your spell library contained the following spells:

 Spells                   Type           Power      Damage    Failure   Level
 Passwall                 Tmut/Erth      6%         N/A       28%         2
 Summon Small Mammal      Summ           4%         N/A       38%         1
 Spider Form              Tmut/Pois      4%         N/A       50%         3
 Call Canine Familiar     Summ           1%         N/A       77%         3
 Gell's Gravitas          Tloc           0%         N/A       77%         3
 Lesser Beckoning         Tloc           0%         N/A       77%         3
 Summon Guardian Golem    Hex/Summ       1%         N/A       77%         3
 Swiftness                Air            1%         N/A       77%         3
 Teleport Other           Tloc           1%         N/A       77%         3
 Ice Form                 Ice/Tmut       8%         N/A       88%         4
 Dispersal                Tloc           0%         N/A       100%        6
 Invisibility             Hex            0%         N/A       100%        6


Dungeon Overview and Level Annotations

Branches:
Dungeon (9/15)             Temple (1/1) D:5            Lair (2/6) D:9
  Sewer (visited)         Ossuary (visited)          Bailey (visited)
  Swamp: Lair:2-4    Shoals: Lair:2-4     Snake: Lair:2-4    Spider: Lair:2-4
    Orc: D:9-12

Altars:
Ashenzari
Cheibriados
Dithmenos
Elyvilon
Fedhas
Gozag
Kikubaaqudgha
Makhleb
Nemelex Xobeh
Okawaru
Qazlal
Sif Muna
Trog
Uskayaw
Vehumet
Wu Jian
Xom
Yredelemnul
Zin

Shops:
D:5 ?

Annotations:
D:6 3 runed translucent doors, Icepheonix32's ghost, novice KoWr; RascalDebosk's ghost, novice DrCj
D:7 1 runed translucent door, deafmute's ghost, novice HOFi


Innate Abilities, Weirdness & Mutations

You have a pair of horns on your head.
You reflexively headbutt those who attack you in melee.


Message History

Your talons disappear.
Your +0 pair of boots unmelds from your body.
You howl as the wereblood boils in your veins!
The electric eel shoots out a bolt of lightning at you!
The bolt of electricity hits the plant!
The plant begins to die.
The bolt of electricity hits the plant!
The plant begins to die.
The bolt of electricity hits the fungus!
The fungus begins to die.
The bolt of electricity misses you.
The electric eel shoots out a bolt of lightning at you!
The bolt of electricity hits the plant!
The bolt of electricity hits you!
Your primal bloodlust is almost over.
The electric eel shoots out a bolt of lightning at you!
The bolt of electricity hits the fungus!
The fungus begins to die.
The bolt of electricity hits you. x2
A nearby plant withers and dies. x2
The electric eel shoots out a bolt of lightning at you!
The bolt of electricity hits the fungus!
The bolt of electricity hits you.
The electric eel shoots out a bolt of lightning at you!
The bolt of electricity hits the fungus!
The bolt of electricity hits you!
The electric eel shoots out a bolt of lightning at you!
The bolt of electricity hits the fungus!
The bolt of electricity hits you.
The bolt of electricity hits the plant.
The plant begins to die.
You howl as the wereblood boils in your veins!
Your primal bloodlust has ended.
A nearby fungus withers and dies.
The electric eel shoots out a bolt of lightning at you!
The bolt of electricity hits you!
A nearby plant withers and dies.
The electric eel shoots out a bolt of lightning at you!
The bolt of electricity hits you!
* * * LOW HITPOINT WARNING * * *
The electric eel shoots out a bolt of lightning at you!
The bolt of electricity hits you!
* * * LOW HITPOINT WARNING * * *
The electric eel shoots out a bolt of lightning at you!
The bolt of electricity hits you!
You die...

.#...P.≈≈≈...###.#
.#..PP≈PP≈..## #.#
...≈P≈P.;..## #.##
≈♣PP.#...##..#
≈.P........##
PP.........#
........#
........#
.......@#
........#
.........
...P#...##
#..##.... ...
#...# .. ....#
......


You could see an electric eel.

Vanquished Creatures
  Joseph (D:8)
  A cane toad (Lair:1)
  Grinder (D:3)
  3 blink frogs (Lair:1)
  4 water moccasins
  A necrophage (D:6)
  6 orc warriors
  An ice beast (D:7)
  A sky beast (D:7)
  2 centaurs
  A phantom (D:4)
  4 bullfrogs
  4 wyvern zombies
  3 scorpions
  A water moccasin zombie (Ossuary)
  A wyvern skeleton (D:5)
  A water moccasin skeleton (D:5)
  3 wights (D:8)
  7 bullfrog zombies
  A jelly (D:4)
  8 centaur zombies
  2 hounds
  An orc priest (D:6)
  15 mummies (Ossuary)
  Jessica (D:3)
  An iguana (D:6)
  3 orc wizards (D:6)
  2 killer bee zombies (Ossuary)
  3 howler monkey zombies (Ossuary)
  7 gnolls
  A howler monkey skeleton (D:6)
  4 adders
  A river rat (D:3)
  4 white imps
  An ufetubus (D:5)
  A worm (D:4)
  A dart slug (D:5)
  22 orcs
  6 ball pythons
  5 endoplasms
  8 giant cockroaches
  5 goblins
  6 hobgoblins
  A jackal (D:1)
  16 kobolds
  2 quokkas
  3 bats (D:3)
  8 frilled lizards
  2 rats (D:3)
187 creatures vanquished.

Vanquished Creatures (others)
  5 fungi
  3 plants (Lair:2)
  8 withered plants
16 creatures vanquished.

Grand Total: 203 creatures vanquished

Notes
Turn   | Place    | Note
-------+----------+-------------------------------------------
     0 | D:1      | nxtlvl the Minotaur Transmuter began the quest for the Orb.
     0 | D:1      | Reached XP level 1. HP: 16/16 MP: 1/1
    23 | D:1      | You fall into a shaft and drop 1 floor!
   141 | D:2      | Reached skill level 4 in Unarmed Combat
   141 | D:2      | Reached XP level 2. HP: 23/23 MP: 0/3
   428 | D:3      | Noticed Jessica
   435 | D:3      | Killed Jessica
   436 | D:3      | Reached XP level 3. HP: 24/28 MP: 2/4
   441 | D:3      | Reached skill level 5 in Unarmed Combat
   491 | D:3      | Noticed Grinder
   508 | D:3      | Paralysed by Grinder for 6 turns
   524 | D:3      | Paralysed by Grinder for 4 turns
   532 | D:3      | Killed Grinder
   533 | D:3      | Reached skill level 7 in Unarmed Combat
   533 | D:3      | Reached XP level 4. HP: 18/35 MP: 5/5
   533 | D:3      | Reached XP level 5. HP: 21/40 MP: 6/6
   636 | D:3      | Reached XP level 6. HP: 33/47 MP: 5/7
   704 | D:3      | Found a glowing drain.
   708 | Sewer    | Entered a sewer
   884 | Sewer    | Reached skill level 8 in Unarmed Combat
  1148 | D:4      | Reached XP level 7. HP: 53/56 MP: 6/8
  1333 | D:4      | Reached skill level 9 in Unarmed Combat
  1351 | D:4      | Found a sparkling altar of Nemelex Xobeh.
  1435 | D:5      | Entered Level 5 of the Dungeon
  1507 | D:5      | Found Hyolu's Magic Scroll Shoppe.
  1514 | D:5      | Bought a scroll of identify for 26 gold pieces
  1527 | D:5      | Identified the +2 dagger of the Iron City of Dis {vorpal,
                  | rElec rCorr Int-5 Stlth+}
  1573 | D:5      | Found an iron altar of Okawaru.
  1802 | D:5      | Found a staircase to the Ecumenical Temple.
  1811 | D:5      | Reached XP level 8. HP: 5/66 MP: 7/9
  1823 | Temple   | Entered the Ecumenical Temple
  1928 | D:6      | Found a runed translucent gate.
  1928 | D:6      | Found a runed translucent gate.
  1928 | D:6      | Found a runed translucent gate.
  1929 | D:6      | Noticed Icepheonix32's ghost (novice KoWr)
  1930 | D:6      | Noticed RascalDebosk's ghost (novice DrCj)
  1998 | D:6      | Learned a level 2 spell: Wereblood
  2044 | D:6      | Found a stormy altar of Qazlal.
  2053 | D:6      | Reached skill level 10 in Unarmed Combat
  2078 | D:6      | Found a hide-covered altar of Uskayaw.
  2082 | D:6      | Found a snail-covered altar of Cheibriados.
  2090 | D:6      | Became a worshipper of Cheibriados the Contemplative
  2147 | D:6      | Found a burning altar of Makhleb.
  2154 | D:6      | Reached skill level 5 in Fighting
  2377 | D:6      | Found a broken altar of Ashenzari.
  2456 | D:7      | Found a basalt altar of Yredelemnul.
  2559 | D:7      | Identified the +2 robe "Xafaolawn" {rN+ Will- Archmagi}
  2696 | D:7      | Reached * piety under Cheibriados
  2724 | D:7      | Reached skill level 11 in Unarmed Combat
  2724 | D:7      | Reached XP level 9. HP: 75/75 MP: 8/10
  2736 | D:7      | Found a sand-covered staircase.
  2742 | Ossuary  | Entered an ossuary
  2898 | Ossuary  | Reached ** piety under Cheibriados
  2940 | Ossuary  | Reached skill level 1 in Invocations
  3061 | D:7      | Identified the +3 leather armour of Repulsion {rN+}
  3088 | D:7      | Found a runed translucent door.
  3093 | D:7      | Noticed deafmute's ghost (novice HOFi)
  3120 | D:8      | Noticed Joseph
  3128 | D:8      | Killed Joseph
  3273 | D:8      | Found a shadowy altar of Dithmenos.
  3359 | D:8      | Reached skill level 12 in Unarmed Combat
  3374 | D:8      | Found a radiant altar of Vehumet.
  3455 | D:8      | Found a flagged portal.
  3475 | Bailey   | Entered a bailey
  3611 | Bailey   | Reached *** piety under Cheibriados
  3675 | Bailey   | Reached XP level 10. HP: 32/86 MP: 11/11
  3849 | D:8      | Reached skill level 5 in Dodging
  3909 | D:9      | Found a staircase to the Lair.
  3938 | Lair:1   | Entered Level 1 of the Lair of Beasts
  4022 | Lair:1   | Noticed a cane toad
  4027 | Lair:1   | Killed a cane toad
  4027 | Lair:1   | Reached **** piety under Cheibriados
  4067 | Lair:2   | Killed from afar by an electric eel

Illustrated notes

Levels and vault maps discovered:
D:1:      dpeg_arrival_shelter, layout_basic, hellmonk_ecumenical_altar_lost_god
D:2:      layout_basic, chequers_garden, uniq_robin
D:3:      layout_loops_ring, gammafunk_ghost_nasty_kobolds,
          gup_sewer_entry_spiral, uniq_grinder, uniq_crazy_yiuf_cottage,
          uniq_jessica
D:4:      layout_basic, lemuel_coloured_pillars_altar,
          chequers_serial_rivers_large_a
D:5:      layout_cave_pools, kennysheep_okawaru_gauntlet,
          minmay_temple_entry_offerings, serial_shops, nicolae_shop_behind_doors
D:6:      layout_loops_ring, mainiacjoe_overflow_concentric_impassable,
          nicolae_ashenzari_skybound, minmay_overflow_temple_star_quad,
          gammafunk_ghost_cemetery
D:7:      layout_loops_corners, mainiacjoe_overflow_six_doors_small,
          lightli_ossuary_entry_decrepit_ruins, ebering_ghost_reflecting_pool
D:8:      layout_layer_cave, grunt_dithmenos_smoke_and_mirrors,
          nicolae_overflow_hidden_temple, enter_bailey_6, uniq_joseph
D:9:      layout_long_grid, mainiacjoe_overflow_surrounded_room,
          lair_entry_dummy, gammafunk_ghost_hive, uniq_maurice
Temple:   jpeg_temple_island
Lair:1:   layout_loops_ring, beast_lair_carwin_9
Lair:2:   layout_regular_city, serial_bayou, serial_bayou_pond_b,
          serial_bayou_ford_a, serial_bayou_pond_c, serial_bayou_lagoon_a,
          roderic_batcave, grunt_megastairs_3, lemuel_fruit_tree

Skill      XL: |  1  2  3  4  5  6  7  8  9 10 |
---------------+-------------------------------+-----
Unarmed Combat | 4 7 8 9 11 12 | 12.6
Fighting       | 2 4 5 7 8 |  8.0
Transmutations | 2 3 4 |  4.0
Dodging        | 4 5 |  5.5
Invocations    | 2 3 |  3.6
Spellcasting   | |  1.3

Action                   |  1- 3 |  4- 6 |  7- 9 | 10-12 || total
-------------------------+-------+-------+-------+-------++-------
Melee: Unarmed           |    79 |    74 |   313 |    23 ||   489
       Headbutt          |     7 |    13 |    74 |     9 ||   103
       Kick              |     6 |     9 |    53 |     7 ||    75
       Punch             |       |     1 |    16 |     2 ||    19
 Fire: Shortbow          |       |       |    35 |       ||    35
 Cast: Beastly Appendage |     7 |    12 |    30 |     5 ||    54
       Wereblood         |       |       |     8 |     4 ||    12
Evoke: Wand              |       |       |     8 |       ||     8
  Use: Potion            |     4 |       |     2 |       ||     6
       Scroll            |     2 |     1 |     7 |       ||    10
 Stab: Sleeping          |     1 |       |     1 |       ||     2
       Paralysed         |       |       |     5 |       ||     5
       Distracted        |       |       |     1 |       ||     1
Armor: Robe              |    16 |    26 |    39 |       ||    81
       Skin              |     9 |       |     9 |       ||    18
       Leather armour    |       |       |    11 |       ||    11
       Scale mail        |       |       |       |     5 ||     5
Dodge: Dodged            |    52 |    43 |   143 |    10 ||   248
